 Dungeon Crawl Stone Soup version 0.19-b1-4-gd8a0a2a (webtiles) character file.

88 dohliylev the Sneak (level 4, -2/32 HPs)
             Began as a Vampire Enchanter on Oct 30, 2016.
             Slain by a hound (4 damage)
             ... on level 3 of the Dungeon.
             The game lasted 00:08:27 (1776 turns).

dohliylev the Sneak (Vampire Enchanter)             Turns: 1776, Time: 00:08:27

Health: -2/32      AC:  3    Str:  7    XL:     4   Next: 30%
Magic:  1/7        EV: 13    Int: 17    God:
Gold:   117        SH:  0    Dex: 15    Spells: 3 memorised, 1 level left

rFire  . . .     SeeInvis +     a - +1 dagger
rCold  . . .     Gourm    .     b - +1 robe
rNeg   . . .     Faith    .     (no shield)
rPois  .         Spirit   .     (no helmet)
rElec  .         Reflect  .     (no cloak)
rCorr  .         Harm     .     (no gloves)
MR     .....                    (no boots)
Stlth  +++.......               (no amulet)
                                (no ring)
                                (no ring)

@: regenerating quickly
A: fangs 3, see invisible, unbreathing
a: no special abilities


You were on level 3 of the Dungeon.
You were full.

You visited 1 branch of the dungeon, and saw 3 of its levels.

You collected 117 gold pieces.

Inventory:

Hand Weapons
 a - a +1 dagger (weapon)
 w - a cursed -1 dagger
Missiles
 t - 5 tomahawks (quivered)
Armour
 b - a +1 robe (worn)
 r - a +0 cloak
Jewellery
 q - an uncursed amulet of regeneration {unknown}
 u - an uncursed amulet of rage {unknown}
 x - an uncursed ring of poison resistance {unknown}
Scrolls
 e - 3 scrolls of remove curse {unknown}
 f - 3 scrolls of fog {unknown}
 h - 4 scrolls of teleportation {unknown}
 i - 3 scrolls of immolation {unknown}
 j - a scroll of enchant weapon {unknown}
 k - 3 scrolls of identify {unknown}
 l - a scroll of fear {unknown}
 n - a scroll of noise {unknown}
 s - 2 scrolls of amnesia {unknown}
 v - a scroll of magic mapping {unknown}
Potions
 d - 6 potions of blood
 g - a potion of degeneration {unknown}
 m - a potion of ambrosia {unknown}
 o - a potion of curing {unknown}
 p - a potion of berserk rage {unknown}
Books
 c - a book of Maledictions

   Spells                             Type                      Level
   a - Corona                         Hexes                        1
   b - Ensorcelled Hibernation        Hexes/Ice                    2
   c - Confuse                        Hexes                        3
   d - Tukima's Dance                 Hexes                        3
   e - Dazzling Spray                 Conjuration/Hexes            3


   Skills:
 + Level 1.0 Fighting
 + Level 1.5 Short Blades
 + Level 2.9 Dodging
 * Level 6.0 Stealth
 + Level 2.0 Spellcasting
 + Level 5.1 Hexes
 + Level 0.2 Ice Magic


You had one spell level left.
You knew the following spells:

 Your Spells              Type           Power        Failure   Level  Hunger
a - Corona                Hex            ###....      2%          1    #......
b - Ensorcelled Hibernat  Hex/Ice        ##....       12%         2    ###....
c - Dazzling Spray        Conj/Hex       ##....       21%         3    ###....


Dungeon Overview and Level Annotations

Branches:
Dungeon (3/15)

Altars:
Elyvilon

Annotations:
D:3 Ijyb


Innate Abilities, Weirdness & Mutations

Your natural rate of healing is unusually fast.
You have razor-sharp teeth.
You have supernaturally acute eyesight. (SInv)
You can survive without breathing.


Message History

The hound barely misses you. The hound bites you but does no damage.
The hound bites you.
* * * LOW HITPOINT WARNING * * *
The hound completely misses you.
Casting: Corona
Confirm with . or Enter, or press ? or * to list all spells.
Aiming: Dazzling Spray
Press: ? - help, Shift-Dir - straight line, f - hound
Aim: a hound (moderately wounded)
The spray of energy hits the hound.
The hound is severely wounded.
The hound closely misses you.
You hit the hound but do no damage.
The hound is severely wounded.
The hound closely misses you.
You hit the hound.
The hound is almost dead.
The hound bites you.
You die...

##........##...#####
##..[......####.....##
#...........# #####..##
#...........# ##..###
#...........# ##....
##.........## ####.
##...#..g########## ##
#######h###...%..######
#@..##............
#...##......######
#...######### #####


You could see Ijyb and a hound.

Vanquished Creatures
  2 adders
  2 worms (D:2)
  3 dart slugs
  2 leopard geckos (D:1)
  3 orcs (D:3)
  A ball python (D:2)
  4 bats
  4 giant cockroaches
  4 goblins
  11 hobgoblins
  A frilled lizard (D:2)
  6 kobolds
  9 rats
52 creatures vanquished.

Notes
Turn   | Place    | Note
-------+----------+-------------------------------------------
     0 | D:1      | dohliylev the Vampire Enchanter began the quest for the Orb.
     0 | D:1      | Reached XP level 1. HP: 13/13 MP: 3/3
    78 | D:1      | Reached XP level 2. HP: 4/19 MP: 5/5
   345 | D:1      | Reached skill level 5 in Stealth
   660 | D:2      | Reached skill level 5 in Hexes
   660 | D:2      | Reached XP level 3. HP: 24/24 MP: 6/6
   703 | D:2      | Learned a level 2 spell: Ensorcelled Hibernation
   707 | D:2      | Learned a level 3 spell: Dazzling Spray
   980 | D:2      | Found a white marble altar of Elyvilon.
  1043 | D:2      | Found a faded altar of an unknown god.
  1284 | D:3      | Reached XP level 4. HP: 31/31 MP: 7/7
  1477 | D:3      | Reached skill level 6 in Stealth
  1525 | D:3      | Reached skill level 1 in Fighting
  1714 | D:3      | Noticed Ijyb
  1771 | D:3      | HP: 1/32 [hound (3)]
  1776 | D:3      | Slain by a hound

Skill      XL: |  1  2  3  4 |
---------------+-------------+-----
Stealth        | 5 6 |  6.0
Hexes          | 5 |  5.1
Fighting       | 1 |  1.0
Short Blades   | |  1.5
Dodging        | |  2.9
Spellcasting   | |  2.0
Ice Magic      | |  0.2

Action                   |  1- 3 |  4- 6 || total
-------------------------+-------+-------++-------
Melee: Dagger            |   170 |    70 ||   240
       Bite              |    14 |     5 ||    19
 Cast: Corona            |     6 |     4 ||    10
       Ensorcelled Hiber |     3 |     6 ||     9
       Dazzling Spray    |       |     3 ||     3
 Stab: Sleeping          |    12 |     2 ||    14
  Eat: Corpse            |     9 |     3 ||    12
Armor: Robe              |    40 |    15 ||    55
Dodge: Dodged            |   104 |    49 ||   153
